 Dungeon Crawl Stone Soup version 0.24.0-1-gfbc8707122 (webtiles) character file.

Game seed: 12042453055548922176, levelgen mode: deterministic

25895 Arum the Cleaver (level 12, -7/105 HPs)
             Began as a Minotaur Gladiator on Oct 27, 2019.
             Was a High Priest of Okawaru.
             Mangled by an Executioner (20 damage)
             ... on level 3 of the Abyss.
             The game lasted 00:31:27 (14077 turns).

Arum the Cleaver (Minotaur Gladiator)              Turns: 14077, Time: 00:31:28

Health: -7/105     AC: 13    Str: 21    XL:     12   Next: 93%
Magic:  12/17      EV: 18    Int:  5    God:    Okawaru [*****.]
Gold:   701        SH:  8    Dex:  8    Spells: 11/11 levels left

rFire    + + .     SeeInvis .   Z - +2 broad axe (elec)
rCold    + . .     Gourm    .   x - +0 buckler
rNeg     + + .     Faith    .   H - +3 leather armour of Xom's Esteem {+Inv rF+ rN++ Dex-5}
rPois    +         Spirit   .   c - +0 hat
rElec    .         Reflect  +   M - scarf {cloud immunity}
rCorr    .         Harm     .   y - +0 pair of gloves "Soet" {rPois rC+ Stlth+}
MR       .....                  (no boots)
Stlth    +++.......             p - +3 amulet of reflection
HPRegen  0.27/turn              J - +4 ring of protection
MPRegen  0.15/turn              A - ring of protection from fire

@: heroism, finesse
A: retaliatory headbutt, horns 2, [blurry vision 2], [clumsy 1], [frail 1]
a: Heroism, Finesse, Renounce Religion, Evoke Invisibility


You were on level 3 of the Abyss.
You worshipped Okawaru.
Okawaru was extremely pleased with you.
You were not hungry.

You visited 2 branches of the dungeon, and saw 14 of its levels.
You visited the Abyss 1 time.
You also visited: Gauntlet.

You collected 737 gold pieces.
You spent 36 gold pieces at shops.

Inventory:

Hand Weapons
 U - a +2 battleaxe of electrocution
 Z - a +2 broad axe of electrocution (weapon)
Missiles
 d - 4 throwing nets (quivered)
 h - 6 javelins
Armour
 c - a +0 hat (worn)
 i - a +0 cloak
 m - the +0 pair of boots "Akleulit" {Str-3 Int+3 Dex+5, unknown}
   (You found it in a Gauntlet)

   It affects your strength (-3).
   It affects your intelligence (+3).
   It affects your dexterity (+5).
 x - a +0 buckler (worn)
 y - the +0 pair of gloves "Soet" (worn) {rPois rC+ Stlth+}
   (Okawaru gifted it to you on level 12 of the Dungeon)

   It protects you from cold.
   It protects you from poison.
   It makes you more stealthy.
 H - the +3 leather armour of Xom's Esteem (worn) {+Inv rF+ rN++ Dex-5}
   (You found it on level 4 of the Dungeon)

   It affects your dexterity (-5).
   It protects you from fire.
   It greatly protects you from negative energy.
   It lets you turn invisible.
 M - a scarf of cloud immunity (worn)
 R - the +1 robe "Wuit" {*Slow rF+ Int+7, unknown}
   (Okawaru gifted it to you on level 3 of the Abyss)

   It affects your intelligence (+7).
   It protects you from fire.
   It may slow you when you take damage.
 V - a +0 troll leather armour
Jewellery
 e - a +4 ring of strength
 j - an uncursed amulet of rage
 k - a +3 ring of strength
 p - a +3 amulet of reflection (around neck)
 s - an uncursed ring of resist corrosion
 A - a ring of protection from fire (right hand)
 D - an uncursed ring of see invisible
 J - a +4 ring of protection (left hand)
 N - an uncursed ring of protection from magic
Wands
 n - a wand of iceblast (10)
 t - a wand of polymorph (15)
 K - a wand of digging (7)
 L - a wand of disintegration (17)
 Q - a wand of acid (2)
Scrolls
 g - 4 scrolls of enchant armour
 o - 8 scrolls of teleportation
 q - 4 scrolls of immolation
 u - a scroll of magic mapping
 z - 3 scrolls of enchant weapon
 E - a scroll of fog
 O - 4 scrolls of remove curse
 P - a scroll of vulnerability
 S - a scroll of blinking
 W - 2 scrolls of fear
Potions
 b - a potion of berserk rage {unknown}
 l - a potion of invisibility {unknown}
 r - 3 potions of agility
 v - 2 potions of lignification
 w - 2 potions of flight
 B - a potion of heal wounds
 C - 2 potions of brilliance
 F - 6 potions of curing
 G - a potion of resistance
 I - a potion of ambrosia
 T - 2 potions of haste
 X - a potion of cancellation {unknown}
 Y - a potion of might {unknown}
Comestibles
 a - 4 chunks of flesh
 f - 24 rations


   Skills:
 + Level 14.1(19.1) Fighting
 + Level 14.3(19.3) Axes
 - Level 2.0(7.0) Throwing
 - Level 8.0(13.0) Armour
 + Level 10.0(15.0) Dodging
 - Level 4.0(9.0) Shields
 - Level 8.0 Invocations


You had 11 spell levels left.
You didn't know any spells.
Your spell library contained the following spells:

 Spells                   Type           Power        Failure   Level  Hunger
 Animate Skeleton         Necr           N/A          52%         1    ##.....
 Apportation              Tloc           #.....       52%         1    ##.....
 Confusing Touch          Hex            #.....       52%         1    ##.....
 Magic Dart               Conj           #...         52%         1    ##.....
 Summon Small Mammal      Summ           #...         52%         1    ##.....
 Searing Ray              Conj           #.....       65%         2    ###....
 Dazzling Spray           Conj/Hex       #.....       87%         3    ####...
 Recall                   Summ/Tloc      N/A          87%         3    ####...
 Force Lance              Conj/Tloc      #.......     99%         4    #####..
 Fulminant Prism          Conj/Hex       #.........   99%         4    #####..
 Iskenderun's Mystic Bla  Conj           #.......     99%         4    #####..
 Leda's Liquefaction      Hex/Erth       #.........   99%         4    #####..
 Aura of Abjuration       Summ           #.........   100%        5    ######.
 Bolt of Magma            Conj/Fire/Erth #.........   100%        5    ######.
 Summon Demon             Summ           #.........   100%        5    ######.
 Summon Forest            Summ/Tloc      #.........   100%        5    ######.
 Summon Mana Viper        Hex/Summ       #.......     100%        5    ######.
 Iron Shot                Conj/Erth      #.........   100%        6    #######
 Shadow Creatures         Summ           N/A          100%        6    #######
 Statue Form              Tmut/Erth      #........    100%        6    #######
 Shatter                  Erth           #.........   100%        9    #######


Dungeon Overview and Level Annotations

Branches:
Dungeon (13/15)            Temple (1/1) D:7            Lair (0/6) D:11
    Orc (0/2) D:10        Gauntlet (visited)
 Vaults: D:13-14

Altars:
Ashenzari
Cheibriados
Dithmenos
Elyvilon
Fedhas
Gozag
Hepliaklqana
Kikubaaqudgha
Makhleb
Nemelex Xobeh
Okawaru
Qazlal
Ru
Sif Muna
Trog
Uskayaw
Vehumet
Wu Jian
Xom
Yredelemnul
Zin
The Shining One

Shops:
D:5 !   D:11 :

Annotations:
Gauntlet 9 transporters


Innate Abilities, Weirdness & Mutations

You reflexively headbutt those who attack you in melee.
You have a pair of horns on your head.
[Scrolls take you longer to read.]
[You are clumsy. (Dex -2)]
[You are frail. (-10% HP)]


Message History

The Executioner barely misses you. You block the Executioner's attack.
The Executioner hits you but does no damage. x2
You slice the Executioner!! Your headbutt misses the Executioner.
The Executioner is moderately wounded.
The Executioner closely misses you. The Executioner barely misses you.
You block the Executioner's attack. The Executioner gestures at you.
You resist with significant effort.
You hit the Executioner. You headbutt the Executioner.
The Executioner is moderately wounded.
The Executioner hits you! The Executioner barely misses you.
The Executioner closely misses you. The Executioner hits you!!
The Executioner misses you. The Executioner barely misses you.
You can now deal lightning-fast blows.
The Executioner hits you!!
* * * LOW HITPOINT WARNING * * *
The Executioner hits you.
* * * LOW HITPOINT WARNING * * *
You block the Executioner's attack. The Executioner hits you!!
You die...

# ## #X #
.. ..#. .
..## #.
###.####
#...#.Xv1@#
....#.##.#
#..###.##
##.. ...
..#)..# .##
. # ######
. .. ## #.?
... . .#


You could see an Executioner, a large abomination and an insubstantial wisp.

Vanquished Creatures
  A tentacled starspawn (Abyss:3)
  An Executioner (Abyss:3)
  A catoblepas (Gauntlet)
  An ogre mage (D:12)
  4 two-headed ogres
  A wretched star (Abyss:3)
  8 large abominations (Abyss:3)
  A manticore (D:11)
  3 deep elf magi
  An ugly thing (D:11)
  A molten gargoyle (Gauntlet)
  4 gargoyles
  2 komodo dragons
  4 hellwings
  An ancient zyme (Abyss:3)
  3 trolls (D:10)
  A small abomination (Abyss:3)
  7 hippogriffs
  A shadow (D:11)
  2 wraiths
  2 wyverns
  9 yaks
  Menkaure (D:6)
  2 water moccasins
  3 orc warriors
  2 sky beasts
  3 ice beasts
  2 phantoms
  2 black bears (D:8)
  4 ogres
  2 necrophages (D:11)
  11 centaurs
  A crocodile (D:10)
  A big kobold (D:8)
  6 bullfrogs
  4 scorpions
  14 killer bees
  5 wights (D:10)
  2 electric eels
  2 howler monkeys (D:4)
  7 crimson imps
  A bullfrog zombie (D:12)
  3 centaur zombies
  8 hounds
  4 orc priests
  2 bullfrog skeletons
  A gnoll shaman (D:9)
  4 jellies
  A quasit (Abyss:3)
  Crazy Yiuf (D:2)
  15 orc wizards
  2 centaur skeletons
  6 worker ants
  8 iguanas
  2 hound skeletons (D:10)
  A howler monkey zombie (D:7)
  12 gnolls
  22 adders
  A howler monkey skeleton (D:9)
  3 shadow imps
  An ooze (D:1)
  2 adder skeletons
  An adder zombie (D:9)
  2 worms
  A dart slug (D:2)
  4 leopard geckos
  35 orcs
  11 giant cockroaches
  11 goblins
  10 hobgoblins
  3 jackals (D:2)
  8 quokkas
  A ball python (D:3)
  8 bats
  4 frilled lizards
  15 kobolds
  5 rats
  A spectral orc (D:8)
353 creatures vanquished.

Vanquished Creatures (others)
  3 demonic plants (Gauntlet)
  A lurking horror (Abyss:3)
  A plant (D:11)
  A starspawn tentacle (Abyss:3)
6 creatures vanquished.

Grand Total: 359 creatures vanquished

Notes
Turn   | Place    | Note
-------+----------+-------------------------------------------
     0 | D:1      | Arum the Minotaur Gladiator began the quest for the Orb.
     0 | D:1      | Reached XP level 1. HP: 18/18 MP: 0/0
   157 | D:1      | Reached XP level 2. HP: 21/25 MP: 1/1
   656 | D:1      | Reached XP level 3. HP: 27/31 MP: 2/2
   750 | D:2      | Reached XP level 4. HP: 28/40 MP: 3/3
  1390 | D:2      | Reached skill level 5 in Axes
  1466 | D:2      | Found a runed translucent door.
  1467 | D:2      | Noticed Crazy Yiuf
  1669 | D:2      | HP: 1/40 [Crazy Yiuf/+4 quarterstaff of chaos (7)]
  1674 | D:2      | Killed Crazy Yiuf
  1674 | D:2      | Reached XP level 5. HP: 33/46 MP: 4/4
  1901 | D:3      | Found a white marble altar of Elyvilon.
  2810 | D:4      | Reached skill level 1 in Shields
  2815 | D:4      | Reached XP level 6. HP: 53/53 MP: 5/5
  2878 | D:4      | Reached skill level 5 in Dodging
  2936 | D:4      | Reached skill level 5 in Fighting
  3146 | D:4      | Got a spiked leather armour
  3149 | D:4      | Identified the +3 leather armour of Xom's Esteem {+Inv rF+
                  | rN++ Dex-5} (You found it on level 4 of the Dungeon)
  3316 | D:4      | Reached XP level 7. HP: 61/61 MP: 6/6
  3349 | D:4      | You fall into a shaft and drop 1 floor!
  3349 | D:5      | Entered Level 5 of the Dungeon
  3681 | D:5      | Found a snail-covered altar of Cheibriados.
  3846 | D:5      | Found Jyfann's Distillery.
  3854 | D:5      | Bought a potion of curing for 36 gold pieces
  4281 | D:6      | Reached XP level 8. HP: 71/71 MP: 7/7
  4536 | D:6      | Noticed Menkaure
  4540 | D:6      | Killed Menkaure
  5044 | D:6      | Found an iron altar of Okawaru.
  5046 | D:6      | Found a glowing golden altar of the Shining One.
  5054 | D:6      | Became a worshipper of Warmaster Okawaru
  5063 | D:7      | Found a glowing silver altar of Zin.
  5064 | D:7      | Noticed an angel
  5064 | D:7      | Noticed a two-headed ogre
  5065 | D:7      | Found a shimmering altar of Xom.
  5097 | D:6      | Killed a two-headed ogre
  5097 | D:6      | Reached * piety under Okawaru
  5097 | D:6      | Reached XP level 9. HP: 20/81 MP: 8/8
  5403 | D:7      | Found an opulent altar of Gozag.
  5765 | D:7      | Found a staircase to the Ecumenical Temple.
  5898 | Temple   | Entered the Ecumenical Temple
  6807 | D:8      | Noticed a two-headed ogre
  6812 | D:8      | Killed a two-headed ogre
  6812 | D:8      | Reached ** piety under Okawaru
  6812 | D:8      | Reached skill level 10 in Axes
  6918 | D:8      | Reached *** piety under Okawaru
  6993 | D:8      | Reached XP level 10. HP: 92/93 MP: 9/9
  7015 | D:8      | Found a bloodstained altar of Trog.
  7043 | D:8      | Reached skill level 10 in Fighting
  7201 | D:8      | Found a basalt altar of Yredelemnul.
  7301 | D:8      | Found a shimmering blue altar of Sif Muna.
  7302 | D:8      | Found a sparkling altar of Nemelex Xobeh.
  7318 | D:8      | Found a burning altar of Makhleb.
  7318 | D:8      | Found a blossoming altar of Fedhas.
  7367 | D:8      | Reached skill level 1 in Invocations
  7872 | D:9      | Reached **** piety under Okawaru
  8064 | D:9      | Found a stormy altar of Qazlal.
  8409 | D:9      | Found a stormy altar of Qazlal.
  8521 | D:10     | Entered Level 10 of the Dungeon
  8568 | D:10     | Reached skill level 10 in Dodging
  9016 | D:10     | Reached skill level 1 in Armour
  9453 | D:10     | Noticed a gargoyle
  9458 | D:10     | Reached ***** piety under Okawaru
  9478 | D:10     | Killed a gargoyle
  9503 | D:10     | Reached XP level 11. HP: 72/102 MP: 13/13
 10251 | D:10     | Found a staircase to the Orcish Mines.
 10258 | D:10     | Noticed a deep elf mage
 10279 | D:10     | Killed a deep elf mage
 10279 | D:10     | Received a gift from Okawaru
 11054 | D:11     | Received a gift from Okawaru
 11059 | D:11     | Reached skill level 5 in Armour
 11297 | D:11     | Noticed a two-headed ogre
 11302 | D:11     | Killed a two-headed ogre
 11542 | D:11     | Reached skill level 5 in Invocations
 11635 | D:11     | Found Paycraasys's Book Boutique.
 11907 | D:11     | Found a staircase to the Lair.
 12162 | D:11     | Noticed a cyan ugly thing
 12173 | D:11     | Killed a cyan ugly thing
 12573 | D:12     | Noticed an ogre mage
 12580 | D:12     | Noticed a deep elf mage
 12589 | D:12     | Killed an ogre mage
 12589 | D:12     | Received a gift from Okawaru
 12592 | D:12     | Killed a deep elf mage
 12735 | D:12     | Got a pair of faintly glowing gloves {god gift}
 12747 | D:12     | Identified the +0 pair of gloves "Soet" {rPois rC+ Stlth+}
                  | (Okawaru gifted it to you on level 12 of the Dungeon)
 13072 | D:12     | Noticed a two-headed ogre
 13077 | D:12     | Killed a two-headed ogre
 13077 | D:12     | Reached XP level 12. HP: 104/113 MP: 15/15
 13435 | D:13     | Found a gate leading to a gauntlet.
 13453 | Gauntlet | Entered a Gauntlet
 13453 | Gauntlet | Found a transporter.
 13462 | Gauntlet | Found a transporter.
 13464 | Gauntlet | Found a transporter.
 13467 | Gauntlet | Found a transporter.
 13468 | Gauntlet | Found a transporter.
 13468 | Gauntlet | Found a transporter.
 13497 | Gauntlet | Noticed a catoblepas
 13511 | Gauntlet | Found a transporter.
 13511 | Gauntlet | Noticed a reaper
 13531 | Gauntlet | Found a transporter.
 13544 | Gauntlet | Found a transporter.
 13544 | Gauntlet | Noticed a catoblepas
 13547 | Gauntlet | Found a transporter.
 13551 | Gauntlet | Found a transporter.
 13591 | Gauntlet | Found a transporter.
 13684 | Gauntlet | Killed a catoblepas
 13692 | Gauntlet | Got a pair of bloodstained boots
 13729 | Gauntlet | Cast into level 3 of the Abyss (reaper)
 13729 | Abyss:3  | Found a corrupted altar of Lugonu.
 13795 | Abyss:3  | Noticed an Executioner
 13804 | Abyss:3  | Killed an Executioner
 13804 | Abyss:3  | Received a gift from Okawaru
 13818 | Abyss:3  | Got a colourful robe {god gift}
 13830 | Abyss:3  | HP: 5/115 [large abomination (31)]
 13955 | Abyss:3  | Noticed a tentacled starspawn
 13962 | Abyss:3  | Killed a tentacled starspawn
 14016 | Abyss:3  | Noticed an Executioner
 14077 | Abyss:3  | Mangled by an Executioner

Levels and vault maps discovered:
D:1:      wander_arrival_fairy_ring, layout_basic, lemuel_old_faithful
D:2:      layout_loops_ring, minmay_cut_off, uniq_crazy_yiuf_cottage
D:3:      layout_basic, elyvilon_altar_1, kennysheep_generic_room_2
D:4:      layout_loops_ring, first_ration, corner_web_ring
D:5:      layout_gridville, lemuel_crystal_altar, serial_shops, shop
D:6:      layout_basic, nicolae_overflow_hidden_temple, minivault_4,
          uniq_menkaure
D:7:      layout_basic, grunt_temple_overflow_order_and_chaos_1, temple_doors_e,
          basic_altar, chequers_arboretum, grunt_decor_resistance
D:8:      layout_loops_ring, lemuel_crystal_altar, grunt_temple_overflow_open,
          yredelemnul_forgotten_temple_becter
D:9:      wad_woods_pond, layout_irregular_city, kennysheep_mini_moat,
          nicolae_qazlal_eye_of_the_storm
D:10:     minmay_imperfect_grid, layout_irregular_city
D:11:     layout_loops_ring, david_lair_shrubbed, serial_shops, shop_statue,
          grunt_ogre_cave
D:12:     layout_rooms, small_statue_intersection, minmay_microvault
D:13:     layout_roguey, gauntlet_entry_generic, minmay_holes
Temple:   compressed_dpeg_triangle_lava_temple
Abyss:3:  evilmike_abyss_rune_elephants_shrine, serial_sigils_hangedman_snap
Gauntlet: minmay_gauntlet_mixed_oops_all_seconds
          [minmay_gauntlet_arena_77_chump_sandwich,
          gammafunk_gauntlet_arena_arrow_garden,
          minmay_gauntlet_arena_77_terracotta_army,
          gammafunk_gauntlet_arena_grid,
          minmay_gauntlet_arena_77_tiled_triplets,
          gammafunk_gauntlet_arena_crates, gauntlet_exit_green]

Skill      XL: |  1  2  3  4  5  6  7  8  9 10 11 12 |
---------------+-------------------------------------+-----
Fighting       | 3 4 5 6 8 9 11 12 14 | 14.1
Axes           | 4 5 7 8 10 11 12 14 | 14.3
Dodging        | 4 5 6 8 9 10 | 10.0
Shields        | 1 3 4 |  4.0
Invocations    | 4 6 8 |  8.0
Armour         | 3 7 8 |  8.0
Throwing       | |  2.0

Action                   |  1- 3 |  4- 6 |  7- 9 | 10-12 || total
-------------------------+-------+-------+-------+-------++-------
Melee: War axe           |    29 |       |       |    14 ||    43
       Headbutt          |     9 |    30 |    50 |   151 ||   240
       Hand axe          |    25 |   147 |   286 |   478 ||   936
       Broad axe         |       |       |       |   268 ||   268
Throw: Throwing net      |       |       |     2 |       ||     2
Invok: Heroism           |       |       |       |     5 ||     5
       Finesse           |       |       |       |     2 ||     2
Evoke: Wand              |       |       |     1 |    11 ||    12
  Use: Scroll            |       |     8 |     5 |    11 ||    24
       Potion            |       |     4 |       |     7 ||    11
 Stab: Sleeping          |       |       |       |     1 ||     1
  Eat: Chunk             |       |     8 |    10 |    22 ||    40
       Ration            |       |       |       |     1 ||     1
Armor: Leather armour    |     4 |     4 |    89 |   173 ||   270
       Ring mail         |    22 |    50 |       |       ||    72
Dodge: Dodged            |    49 |    80 |   171 |   380 ||   680
Block: Buckler           |       |     5 |    58 |   216 ||   279
       Reflection        |       |       |       |     7 ||     7
